Sasquatch vs Saguenéens
Created - January 6, 2020 at 19:20
Goals
|
| Sasquatch |
1 |
1 |
0 |
2 |
| Saguenéens |
1 |
3 |
4 |
8 |
|
Shots
|
| Sasquatch |
9 |
9 |
11 |
29 |
| Saguenéens |
11 |
11 |
15 |
37 |
|
1st period
1. Sasquatch , Quinton Howden 9 (Teemu Hartikainen 6, Martin Marincin 7) at 3:04
2. Saguenéens , Mark Stone 5 (Carl Hagelin 16, Joe Cannata) at 3:52
Penalties :
Jerry D'Amigo (Gat) for Hooking (Minor) at 9:05, Alexander Wennberg (Chi) for Roughing (Minor) at 12:38, Dylan Sikura (Gat) for Hooking (Minor) at 14:56, Mason Raymond (Chi) for Slashing (Minor) at 19:40
2nd period
3. Saguenéens , Henrik Samuelsson 5 (Adam Erne 3) at 4:54
4. Saguenéens , Alexander Wennberg 20 (Garnet Hathaway 18, Mason Raymond 22) at 5:46
5. Sasquatch , Patrick Wey 1 (Ian Cole 13, Joonas Korpisalo) at 9:49
6. Saguenéens , Teemu Pulkkinen 8 (Mark Stone 16, Kevin Marshall 11) at 15:29
Penalties :
Devin Shore (Gat) for Holding Stick (Minor) at 6:05, Brett Pesce (Gat) for Roughing (Minor) at 10:11, Adam Erne (Chi) for Tripping (Minor) at 18:04
3rd period
7. Saguenéens , Mark Stone 6 (Carl Hagelin 17, Kevin Marshall 12) at 1:07
8. Saguenéens , Alexander Wennberg 21 (Mason Raymond 23, Seth Helgeson 16) at 1:27 (PP)
9. Saguenéens , Craig Cunningham 5 (Rhett Rakhshani 5, Mike Amadio 3) at 12:04
10. Saguenéens , Henrik Samuelsson 6 (Kevin Marshall 13, Garnet Hathaway 19) at 19:59
Penalties :
Patrick Wey (Gat) for Hooking (Minor) at 1:18, Garnet Hathaway (Chi) for High sticking (Minor) at 2:32, Mark Stone (Chi) for Roughing (Minor) at 6:07, Seth Helgeson (Chi) for Delaying the game (Minor) at 16:26
Goalie Stats
Joonas Korpisalo (Gat), 21 saves from 27 shots - (0.778), L, 13-9-2, 41:27 minutes
Corey Crawford (Gat), 8 saves from 10 shots - (0.800), 18:33 minutes
Joe Cannata (Chi), 27 saves from 29 shots - (0.931), W, 15-8-1, 60:00 minutes
Players Stats for Sasquatch
Player Name G A P +/- PIM S H SB GA TA FO MP PP MP PK MP
------------------------------------------------------------------------------------
Brett Kulak 0 0 0 -3 0 1 2 2 0 1 0/0 12:17 0:00 2:21
Brett Pesce 0 0 0 -2 2 1 0 1 0 0 0/0 17:40 5:34 0:09
Brock Trotter 0 0 0 -2 0 1 3 0 0 0 0/0 7:08 0:00 0:32
Devin Shore 0 0 0 -1 2 2 1 0 2 0 21/37 20:23 6:33 0:06
Dmitri Orlov 0 0 0 -3 0 1 0 0 0 0 0/0 15:08 5:34 0:00
Dylan Sikura 0 0 0 -1 2 0 0 1 0 0 0/0 9:36 0:00 0:00
Ian Cole 0 1 1 0 0 2 1 1 1 2 0/0 25:09 6:20 2:21
Jerry D'Amigo 0 0 0 -2 2 0 0 0 0 0 0/0 6:10 0:00 0:00
Jujhar Khaira 0 0 0 -1 0 3 9 1 0 1 0/1 23:17 5:16 4:34
Martin Marincin 0 1 1 -2 0 2 3 0 0 0 0/0 19:45 0:00 5:44
Matt Halischuk 0 0 0 -1 0 3 1 0 1 0 0/0 19:49 6:33 0:00
Patrick Wey 1 0 1 0 2 3 1 2 1 2 0/0 30:25 6:20 5:35
Petr Straka 0 0 0 -1 0 2 1 1 2 1 0/0 17:10 5:13 1:16
Quinton Howden 1 0 1 -1 0 4 0 0 0 0 2/7 12:08 0:17 2:36
Ryan Dzingel 0 0 0 -1 0 0 2 0 0 0 0/1 16:44 6:03 0:00
Sergey Kalinin 0 0 0 -1 0 0 2 0 0 1 11/22 16:06 0:31 4:40
T.J. Tynan 0 0 0 -2 0 1 0 0 0 0 2/6 11:17 5:16 0:00
Teemu Hartikainen 0 1 1 -1 0 3 0 0 0 0 0/0 11:38 0:00 2:26
Players Stats for Saguenéens
Player Name G A P +/- PIM S H SB GA TA FO MP PP MP PK MP
------------------------------------------------------------------------------------
Adam Erne 0 1 1 3 2 0 0 0 0 0 0/0 5:53 0:00 0:00
Aleksander Barkov 0 0 0 1 0 4 0 1 0 0 4/12 13:56 3:16 0:00
Alexander Wennberg 2 0 2 -1 2 4 1 0 0 0 19/39 19:49 4:49 0:27
Carl Hagelin 0 2 2 1 0 1 4 0 0 0 2/2 13:56 3:16 0:00
Craig Cunningham 1 0 1 2 0 2 0 0 1 0 0/0 12:27 0:00 4:33
Duncan Siemens 0 0 0 2 0 0 1 0 0 0 0/0 13:19 0:00 4:52
Garnet Hathaway 0 2 2 -1 2 7 2 1 3 0 0/1 19:43 4:49 0:00
Henrik Samuelsson 2 0 2 3 0 2 2 1 0 0 8/13 13:03 0:00 6:37
Kevin Marshall 0 3 3 3 0 2 1 2 0 2 0/0 31:22 4:42 6:48
Mark Stone 2 1 3 1 2 2 1 0 1 0 0/0 14:01 3:16 0:00
Mason Raymond 0 2 2 -1 2 4 2 1 2 1 3/5 24:56 4:49 4:57
Mike Amadio 0 1 1 2 0 0 0 1 0 0 2/2 11:06 0:00 3:06
Nick Mattson 0 0 0 0 0 0 1 0 0 1 0/0 20:33 3:23 4:52
Patrick Sieloff 0 0 0 2 0 2 2 0 0 1 0/0 11:45 3:23 0:14
Rhett Rakhshani 0 1 1 2 0 1 3 0 0 1 0/0 11:46 0:00 3:20
Robert Hagg 0 0 0 1 0 0 0 2 1 0 0/0 19:19 0:00 6:48
Seth Helgeson 0 1 1 2 2 2 2 3 0 0 0/0 24:02 4:42 0:14
Teemu Pulkkinen 1 0 1 3 0 4 0 0 0 1 0/0 7:04 0:00 0:48
3 Stars
1 - Henrik Samuelsson (Chi)
2 - Kevin Marshall (Chi)
3 - Mark Stone (Chi)
Power Play
Sasquatch - 0 on 6 Attempt(s) - 0.00%
Saguenéens - 1 on 5 Attempt(s) - 20.00%
Penalty Kill
Sasquatch - 4 on 5 Attempt(s) - 80.00%
- Score 0 goal in Penalty Kill
Saguenéens - 6 on 6 Attempt(s) - 100.00%
- Score 0 goal in Penalty Kill
Team Stat
Sasquatch - Hits : 26 - Faceoff Wins : 36 - Blocked Shots : 9 - Penalty Minutes : 10
Saguenéens - Hits : 22 - Faceoff Wins : 38 - Blocked Shots : 12 - Penalty Minutes : 12
Official
Referees : Unknown
Linesman : Unknown
Game Notes
Corey Crawford enters game at 1:27 of 3rd period
Finance
Level 1 -- Attendance: 1593 (79.65%) -- Ticket Income $63,720
Level 2 -- Attendance: 792 (79.20%) -- Ticket Income $15,840
Total Attendance: 2385 (79.50%)
Total Ticket Income: $79,560
Other Income: $3,978
Total Income: $83,538
Sasquatch
5 vs 5 Forward
Center Left Wing Right Wing Time % Phy DF OF
1 Devin Shore Jujhar Khaira Matt Halischuk 40 1 2 2
2 Sergey Kalinin Ryan Dzingel Petr Straka 30 1 2 2
3 Quinton Howden Teemu Hartikainen Dylan Sikura 20 1 2 2
4 T.J. Tynan Brock Trotter Jerry D'Amigo 10 1 2 2
5 vs 5 Defense
Defense Defense Time % Phy DF OF
1 Ian Cole Patrick Wey 40 1 2 2
2 Brett Pesce Martin Marincin 30 1 2 2
3 Dmitri Orlov Brett Kulak 20 1 2 2
4 Martin Marincin Patrick Wey 10 1 2 2
PowerPlay Forward
Center Left Wing Right Wing Time % Phy DF OF
1 Devin Shore Ryan Dzingel Matt Halischuk 60 1 2 2
2 T.J. Tynan Jujhar Khaira Petr Straka 40 1 2 2
PowerPlay Defense
Defense Defense Time % Phy DF OF
1 Ian Cole Patrick Wey 60 1 2 2
2 Dmitri Orlov Brett Pesce 40 1 2 2
Penalty Kill 4 Players Forward
Center Wing Time % Phy DF OF
1 Sergey Kalinin Jujhar Khaira 60 1 2 2
2 Quinton Howden Teemu Hartikainen 40 1 2 2
Penalty Kill 4 Players Defense
Defense Defense Time % Phy DF OF
1 Patrick Wey Martin Marincin 60 1 2 2
2 Brett Kulak Ian Cole 40 1 2 2
Penalty Kill - 3 Players Forward
Forward Time % Phy DF OF
1 Sergey Kalinin 60 1 2 2
2 Quinton Howden 40 1 2 2
Penalty Kill - 3 Players Defense
Defense Defense Time % Phy DF OF
1 Ian Cole Martin Marincin 60 1 2 2
2 Patrick Wey Brett Kulak 40 1 2 2
4 vs 4 Forward
Center Wing Time % Phy DF OF
1 Quinton Howden Matt Halischuk 60 1 2 2
2 Sergey Kalinin Jujhar Khaira 40 1 2 2
4 vs 4 Defense
Defense Defense Time % Phy DF OF
1 Ian Cole Martin Marincin 60 1 2 2
2 Patrick Wey Brett Pesce 40 1 2 2
Last Minutes Offensive
Center Left Wing Right Wing Defense Defense
Devin Shore Jujhar Khaira Matt Halischuk Ian Cole Dmitri Orlov
Last Minutes Defensive
Center Left Wing Right Wing Defense Defense
Sergey Kalinin Teemu Hartikainen Matt Halischuk Martin Marincin Patrick Wey
Goaltenders
Starting : Joonas Korpisalo
Backup : Corey Crawford
Extra Forwards
Normal : Sergey Kalinin, Devin Shore, Petr Straka - PP : Sergey Kalinin, Quinton Howden - PK : Petr Straka
Extra Defensemen
Normal : Dmitri Orlov, Brett Pesce, Brett Kulak - PP : Brett Pesce - PK : Brett Pesce, Dmitri Orlov
Penalty Shots
Devin Shore, Matt Halischuk, Petr Straka, Brock Trotter, Ryan Dzingel
Scratches
Nikita Nesterov (Healthy), Hudson Fasching (Healthy), Christoffer Ehn (Healthy), Kevin Fiala (Healthy), Alex Lintuniemi (Healthy)
Cal Petersen (Healthy)
Saguenéens
5 vs 5 Forward
Center Left Wing Right Wing Time % Phy DF OF
1 Alexander Wennberg Mason Raymond Garnet Hathaway 40 1 2 2
2 Aleksander Barkov Carl Hagelin Mark Stone 30 1 2 2
3 Mike Amadio Craig Cunningham Rhett Rakhshani 20 1 2 2
4 Henrik Samuelsson Teemu Pulkkinen Adam Erne 10 1 2 2
5 vs 5 Defense
Defense Defense Time % Phy DF OF
1 Kevin Marshall Seth Helgeson 40 1 2 2
2 Robert Hagg Nick Mattson 30 1 2 2
3 Patrick Sieloff Duncan Siemens 20 1 2 2
4 Kevin Marshall Seth Helgeson 10 1 2 2
PowerPlay Forward
Center Left Wing Right Wing Time % Phy DF OF
1 Alexander Wennberg Mason Raymond Garnet Hathaway 60 1 2 2
2 Aleksander Barkov Carl Hagelin Mark Stone 40 1 2 2
PowerPlay Defense
Defense Defense Time % Phy DF OF
1 Kevin Marshall Seth Helgeson 60 1 2 2
2 Patrick Sieloff Nick Mattson 40 1 2 2
Penalty Kill 4 Players Forward
Center Wing Time % Phy DF OF
1 Henrik Samuelsson Mason Raymond 60 1 2 2
2 Mike Amadio Craig Cunningham 40 1 2 2
Penalty Kill 4 Players Defense
Defense Defense Time % Phy DF OF
1 Kevin Marshall Robert Hagg 60 1 2 2
2 Duncan Siemens Nick Mattson 40 1 2 2
Penalty Kill - 3 Players Forward
Forward Time % Phy DF OF
1 Henrik Samuelsson 60 1 2 2
2 Mike Amadio 40 1 2 2
Penalty Kill - 3 Players Defense
Defense Defense Time % Phy DF OF
1 Kevin Marshall Robert Hagg 60 1 2 2
2 Duncan Siemens Nick Mattson 40 1 2 2
4 vs 4 Forward
Center Wing Time % Phy DF OF
1 Alexander Wennberg Mason Raymond 60 1 2 2
2 Aleksander Barkov Garnet Hathaway 40 1 2 2
4 vs 4 Defense
Defense Defense Time % Phy DF OF
1 Kevin Marshall Seth Helgeson 60 1 2 2
2 Patrick Sieloff Nick Mattson 40 1 2 2
Last Minutes Offensive
Center Left Wing Right Wing Defense Defense
Alexander Wennberg Mason Raymond Garnet Hathaway Kevin Marshall Seth Helgeson
Last Minutes Defensive
Center Left Wing Right Wing Defense Defense
Aleksander Barkov Mason Raymond Garnet Hathaway Kevin Marshall Robert Hagg
Goaltenders
Starting : Joe Cannata
Backup : Tyler Beskorowany
Extra Forwards
Normal : Craig Cunningham, Teemu Pulkkinen, Rhett Rakhshani - PP : Craig Cunningham, Teemu Pulkkinen - PK : Rhett Rakhshani
Extra Defensemen
Normal : Patrick Sieloff, Duncan Siemens, Seth Helgeson - PP : Patrick Sieloff - PK : Duncan Siemens, Kevin Marshall
Penalty Shots
Garnet Hathaway, Mason Raymond, Mark Stone, Alexander Wennberg, Aleksander Barkov
Scratches
Mikhail Grigorenko (Healthy), Tanner Richard (Healthy), Juraj Mikus (Healthy), Myles Bell (Healthy), Dylan Labbe (Healthy)
Nick Paul (Healthy), Mattias Janmark (Healthy), Calle Andersson (Healthy), Julius Honka (Healthy), Clark Bishop (Healthy)
Nikita Scherbak (Healthy), JJ. Piccinich (Healthy), Michael Giugovaz (Healthy)
% Time on Ice - Sasquatch
Lines # - Real PCT - Wanted PCT - Time Play
Normal Forward
1 - 36% - 40% - 14:21
2 - 26% - 30% - 10:27
3 - 23% - 20% - 9:12
4 - 15% - 10% - 6:01
Normal Defense
1 - 41% - 40% - 16:27
2 - 30% - 30% - 12:12
3 - 23% - 20% - 9:06
4 - 6% - 10% - 2:16
PP Forward
1 - 55% - 60% - 6:33
2 - 45% - 40% - 5:21
PP Defense
1 - 53% - 60% - 6:20
2 - 47% - 40% - 5:34
PK Forward
1 - 70% - 60% - 5:39
2 - 30% - 40% - 2:26
PK Defense
1 - 71% - 60% - 5:44
2 - 29% - 40% - 2:21
PK3 Forward
1 - 0% - 60%
2 - 0% - 40%
PK3 Defense
1 - 0% - 60%
2 - 0% - 40%
44 Forward
1 - 0% - 60%
2 - 0% - 40%
44 Defense
1 - 0% - 60%
2 - 0% - 40%
Last Minute Offensive - 0:00
Last Minute Defensive - 0:00
Total
Forward - 60:00
Defense - 60:00
|
% Time on Ice - Saguenéens
Lines # - Real PCT - Wanted PCT - Time Play
Normal Forward
1 - 39% - 40% - 15:43
2 - 27% - 30% - 10:46
3 - 20% - 20% - 7:54
4 - 14% - 10% - 5:38
Normal Defense
1 - 48% - 40% - 19:08
2 - 31% - 30% - 12:31
3 - 18% - 20% - 7:21
4 - 3% - 10% - 1:01
PP Forward
1 - 60% - 60% - 4:49
2 - 40% - 40% - 3:16
PP Defense
1 - 58% - 60% - 4:42
2 - 42% - 40% - 3:23
PK Forward
1 - 74% - 60% - 8:48
2 - 26% - 40% - 3:06
PK Defense
1 - 59% - 60% - 7:02
2 - 41% - 40% - 4:52
PK3 Forward
1 - 0% - 60%
2 - 0% - 40%
PK3 Defense
1 - 0% - 60%
2 - 0% - 40%
44 Forward
1 - 0% - 60%
2 - 0% - 40%
44 Defense
1 - 0% - 60%
2 - 0% - 40%
Last Minute Offensive - 0:00
Last Minute Defensive - 0:00
Total
Forward - 60:00
Defense - 60:00
|
Play-by-Play
1st period
0:01 of 1st period - Mason Raymond wins face-off versus Devin Shore in neutral zone.
0:04 of 1st period - Wrist shot by Garnet Hathaway.
0:04 of 1st period - Stopped by Joonas Korpisalo without a rebound.
0:05 of 1st period - Devin Shore wins face-off versus Alexander Wennberg in Sasquatch zone.
0:10 of 1st period - Kevin Marshall is hit by Jujhar Khaira and loses puck.
0:32 of 1st period - Wrist shot by Jujhar Khaira.
0:32 of 1st period - Stopped by Joe Cannata with a rebound.
1:16 of 1st period - Snap shot by Brock Trotter.
1:16 of 1st period - Shot Misses the Net.
1:19 of 1st period - Icing by Robert Hagg.
1:20 of 1st period - Mike Amadio wins face-off versus T.J. Tynan in Saguenéens zone.
1:20 of 1st period - Mike Amadio is hit by Brock Trotter.
1:34 of 1st period - Wrist shot by Craig Cunningham.
1:34 of 1st period - Stopped by Joonas Korpisalo without a rebound.
1:35 of 1st period - Alexander Wennberg wins face-off versus Devin Shore in Sasquatch zone.
1:44 of 1st period - Slapshot by Garnet Hathaway.
1:44 of 1st period - Shot Misses the Net.
2:02 of 1st period - Duncan Siemens is hit by Ryan Dzingel and loses puck.
2:29 of 1st period - Snap shot by Jerry D'Amigo.
2:29 of 1st period - Shot Blocked by Mike Amadio.
2:49 of 1st period - Wrist shot by Teemu Hartikainen.
2:49 of 1st period - Shot Blocked by Seth Helgeson.
3:04 of 1st period - Snap shot by Teemu Hartikainen.
3:04 of 1st period - Deflect By Quinton Howden.
3:04 of 1st period - Goal by Quinton Howden - Sasquatch : 1 - Saguenéens : 0.
3:05 of 1st period - Devin Shore wins face-off versus Mason Raymond in neutral zone.
3:12 of 1st period - Matt Halischuk is hit by Alexander Wennberg.
3:52 of 1st period - Snap shot by Mark Stone.
3:52 of 1st period - Goal by Mark Stone - Sasquatch : 1 - Saguenéens : 1.
3:53 of 1st period - Devin Shore wins face-off versus Alexander Wennberg in neutral zone.
3:56 of 1st period - Snap shot by Jujhar Khaira.
3:56 of 1st period - Shot Misses the Net.
4:06 of 1st period - Wrist shot by Mason Raymond.
4:06 of 1st period - Stopped by Joonas Korpisalo with a rebound.
4:08 of 1st period - Slapshot by Kevin Marshall.
4:08 of 1st period - Shot Hit the Post.
4:49 of 1st period - Wrist shot by Devin Shore.
4:49 of 1st period - Stopped by Joe Cannata without a rebound.
4:50 of 1st period - Alexander Wennberg wins face-off versus Sergey Kalinin in Saguenéens zone.
7:06 of 1st period - Ian Cole is hit by Garnet Hathaway and loses puck.
7:09 of 1st period - Slapshot by Ian Cole.
7:09 of 1st period - Shot Blocked by Kevin Marshall.
7:11 of 1st period - Slapshot by Patrick Wey.
7:11 of 1st period - Stopped by Joe Cannata without a rebound.
7:12 of 1st period - Sergey Kalinin wins face-off versus Mason Raymond in Saguenéens zone.
7:15 of 1st period - Slapshot by Petr Straka.
7:15 of 1st period - Shot Misses the Net.
7:17 of 1st period - Slapshot by Brett Pesce.
7:17 of 1st period - Stopped by Joe Cannata with a rebound.
7:19 of 1st period - Wrist shot by Brett Pesce.
7:19 of 1st period - Shot Blocked by Garnet Hathaway.
7:21 of 1st period - Snap shot by Ryan Dzingel.
7:21 of 1st period - Shot Misses the Net.
8:09 of 1st period - Wrist shot by Quinton Howden.
8:09 of 1st period - Stopped by Joe Cannata with a rebound.
8:30 of 1st period - Snap shot by Teemu Pulkkinen.
8:30 of 1st period - Stopped by Joonas Korpisalo with a rebound.
8:32 of 1st period - Slapshot by Nick Mattson.
8:32 of 1st period - Shot Misses the Net.
8:40 of 1st period - Robert Hagg is hit by Ian Cole and loses puck.
9:05 of 1st period - Minor Penalty to Jerry D'Amigo for Hooking.
9:06 of 1st period - Alexander Wennberg wins face-off versus Sergey Kalinin in Sasquatch zone.
9:16 of 1st period - Wrist shot by Mason Raymond.
9:16 of 1st period - Stopped by Joonas Korpisalo without a rebound.
9:17 of 1st period - Alexander Wennberg wins face-off versus Jujhar Khaira in Sasquatch zone.
10:14 of 1st period - Carl Hagelin is hit by Brett Kulak and loses puck.
10:42 of 1st period - Patrick Wey is hit by Carl Hagelin and loses puck.
10:57 of 1st period - Mason Raymond is hit by Martin Marincin and loses puck.
11:05 of 1st period - Penalty to Jerry D'Amigo is over, Jerry D'Amigo is back on ice.
11:20 of 1st period - Snap shot by Teemu Hartikainen.
11:20 of 1st period - Shot Misses the Net.
12:01 of 1st period - Icing by Sergey Kalinin.
12:02 of 1st period - Aleksander Barkov wins face-off versus Sergey Kalinin in Sasquatch zone.
12:23 of 1st period - Slapshot by Teemu Hartikainen.
12:23 of 1st period - Shot Misses the Net.
12:25 of 1st period - Snap shot by Dmitri Orlov.
12:25 of 1st period - Shot Blocked by Robert Hagg.
12:27 of 1st period - Slapshot by Dmitri Orlov.
12:27 of 1st period - Deflect By Quinton Howden.
12:27 of 1st period - Stopped by Joe Cannata without a rebound.
12:28 of 1st period - Devin Shore wins face-off versus Alexander Wennberg in Saguenéens zone.
12:29 of 1st period - Wrist shot by Matt Halischuk.
12:29 of 1st period - Stopped by Joe Cannata without a rebound.
12:30 of 1st period - Devin Shore wins face-off versus Alexander Wennberg in Saguenéens zone.
12:33 of 1st period - Slapshot by Matt Halischuk.
12:33 of 1st period - Shot Misses the Net.
12:35 of 1st period - Snap shot by Matt Halischuk.
12:35 of 1st period - Deflect By Devin Shore.
12:35 of 1st period - Shot Misses the Net.
12:35 of 1st period - Puck is out of play.
12:36 of 1st period - Alexander Wennberg wins face-off versus Devin Shore in Saguenéens zone.
12:38 of 1st period - Minor Penalty to Alexander Wennberg for Roughing.
12:39 of 1st period - Devin Shore wins face-off versus Henrik Samuelsson in Saguenéens zone.
12:45 of 1st period - Snap shot by Devin Shore.
12:45 of 1st period - Shot Misses the Net.
12:47 of 1st period - Backhand shot by Matt Halischuk.
12:47 of 1st period - Stopped by Joe Cannata without a rebound.
12:48 of 1st period - Henrik Samuelsson wins face-off versus Devin Shore in Saguenéens zone.
13:22 of 1st period - Icing by Petr Straka.
13:23 of 1st period - Mike Amadio wins face-off versus T.J. Tynan in Sasquatch zone.
13:58 of 1st period - Wrist shot by Devin Shore.
13:58 of 1st period - Shot Misses the Net.
14:38 of 1st period - Penalty to Alexander Wennberg is over, Alexander Wennberg is back on ice.
14:48 of 1st period - Snap shot by Mason Raymond.
14:48 of 1st period - Stopped by Joonas Korpisalo without a rebound.
14:49 of 1st period - Carl Hagelin wins face-off versus Quinton Howden in Sasquatch zone.
14:54 of 1st period - Wrist shot by Aleksander Barkov.
14:54 of 1st period - Shot Blocked by Patrick Wey.
14:56 of 1st period - Minor Penalty to Dylan Sikura for Hooking.
14:57 of 1st period - Sergey Kalinin wins face-off versus Alexander Wennberg in Sasquatch zone.
15:02 of 1st period - Martin Marincin is hit by Mason Raymond and loses puck.
15:23 of 1st period - Jujhar Khaira is hit by Carl Hagelin and loses puck.
15:28 of 1st period - Slapshot by Mark Stone.
15:28 of 1st period - Shot Hit the Post.
15:30 of 1st period - Slapshot by Patrick Sieloff.
15:30 of 1st period - Shot Blocked by Jujhar Khaira.
15:32 of 1st period - Wrist shot by Aleksander Barkov.
15:32 of 1st period - Shot Misses the Net.
15:34 of 1st period - Slapshot by Patrick Sieloff.
15:34 of 1st period - Stopped by Joonas Korpisalo without a rebound.
15:35 of 1st period - Alexander Wennberg wins face-off versus Quinton Howden in Sasquatch zone.
16:56 of 1st period - Penalty to Dylan Sikura is over, Dylan Sikura is back on ice.
17:26 of 1st period - Craig Cunningham is hit by Sergey Kalinin and loses puck.
17:37 of 1st period - Mike Amadio is hit by Brock Trotter and loses puck.
17:58 of 1st period - Slapshot by Craig Cunningham.
17:58 of 1st period - Shot Blocked by Dylan Sikura.
18:01 of 1st period - Icing by Quinton Howden.
18:02 of 1st period - Alexander Wennberg wins face-off versus Quinton Howden in Sasquatch zone.
18:25 of 1st period - Robert Hagg is hit by Jujhar Khaira and loses puck.
18:54 of 1st period - Snap shot by Teemu Pulkkinen.
18:54 of 1st period - Stopped by Joonas Korpisalo without a rebound.
18:55 of 1st period - Alexander Wennberg wins face-off versus Sergey Kalinin in Sasquatch zone.
19:29 of 1st period - Snap shot by Aleksander Barkov.
19:29 of 1st period - Stopped by Joonas Korpisalo with a rebound.
19:31 of 1st period - Snap shot by Carl Hagelin.
19:31 of 1st period - Shot Blocked by Brett Kulak.
19:33 of 1st period - Slapshot by Patrick Sieloff.
19:33 of 1st period - Stopped by Joonas Korpisalo without a rebound.
19:34 of 1st period - Alexander Wennberg wins face-off versus Quinton Howden in Sasquatch zone.
19:40 of 1st period - Minor Penalty to Mason Raymond for Slashing.
19:41 of 1st period - Devin Shore wins face-off versus Henrik Samuelsson in Saguenéens zone.
19:44 of 1st period - Wrist shot by Ryan Dzingel.
19:44 of 1st period - Shot Misses the Net.
19:48 of 1st period - Slapshot by Matt Halischuk.
19:48 of 1st period - Shot Blocked by Robert Hagg.
19:50 of 1st period - Slapshot by Ian Cole.
19:50 of 1st period - Shot Misses the Net.
19:52 of 1st period - Snap shot by Matt Halischuk.
19:52 of 1st period - Deflect By Ryan Dzingel.
19:52 of 1st period - Shot Blocked by Henrik Samuelsson.
19:52 of 1st period - Puck is out of play.
19:53 of 1st period - Henrik Samuelsson wins face-off versus Devin Shore in Saguenéens zone.
Goals for this period are 1 for Sasquatch vs 1 for Saguenéens.
Shots for this period are 9 for Sasquatch vs 11 for Saguenéens.
2nd period
0:01 of 2nd period - Devin Shore wins face-off versus Henrik Samuelsson in neutral zone.
0:16 of 2nd period - Snap shot by Ian Cole.
0:16 of 2nd period - Shot Blocked by Kevin Marshall.
0:26 of 2nd period - Henrik Samuelsson is hit by Jujhar Khaira and loses puck.
1:40 of 2nd period - Penalty to Mason Raymond is over, Mason Raymond is back on ice.
1:47 of 2nd period - Snap shot by Mark Stone.
1:47 of 2nd period - Deflect By Aleksander Barkov.
1:47 of 2nd period - Stopped by Joonas Korpisalo without a rebound.
1:48 of 2nd period - Quinton Howden wins face-off versus Aleksander Barkov in Sasquatch zone.
1:59 of 2nd period - Snap shot by Teemu Hartikainen.
1:59 of 2nd period - Stopped by Joe Cannata without a rebound.
2:00 of 2nd period - Alexander Wennberg wins face-off versus Devin Shore in Saguenéens zone.
2:09 of 2nd period - Slapshot by Kevin Marshall.
2:09 of 2nd period - Deflect By Garnet Hathaway.
2:09 of 2nd period - Stopped by Joonas Korpisalo without a rebound.
2:10 of 2nd period - Devin Shore wins face-off versus Alexander Wennberg in Sasquatch zone.
2:30 of 2nd period - Icing by Garnet Hathaway.
2:31 of 2nd period - Alexander Wennberg wins face-off versus Sergey Kalinin in Saguenéens zone.
2:44 of 2nd period - Snap shot by Mason Raymond.
2:44 of 2nd period - Shot Blocked by Petr Straka.
3:02 of 2nd period - Seth Helgeson is hit by Jujhar Khaira and loses puck.
3:23 of 2nd period - Snap shot by Brock Trotter.
3:23 of 2nd period - Stopped by Joe Cannata without a rebound.
3:24 of 2nd period - Devin Shore wins face-off versus Alexander Wennberg in Saguenéens zone.
3:36 of 2nd period - Off-side.
3:37 of 2nd period - Devin Shore wins face-off versus Alexander Wennberg in neutral zone.
4:50 of 2nd period - Brett Pesce is hit by Patrick Sieloff.
4:54 of 2nd period - Snap shot by Henrik Samuelsson.
4:54 of 2nd period - Goal by Henrik Samuelsson - Sasquatch : 1 - Saguenéens : 2.
4:55 of 2nd period - Devin Shore wins face-off versus Alexander Wennberg in neutral zone.
5:20 of 2nd period - Slapshot by Craig Cunningham.
5:20 of 2nd period - Shot Misses the Net.
5:32 of 2nd period - Slapshot by Matt Halischuk.
5:32 of 2nd period - Stopped by Joe Cannata without a rebound.
5:33 of 2nd period - Sergey Kalinin wins face-off versus Alexander Wennberg in Saguenéens zone.
5:36 of 2nd period - Wrist shot by Petr Straka.
5:36 of 2nd period - Shot Blocked by Mason Raymond.
5:46 of 2nd period - Wrist shot by Alexander Wennberg.
5:46 of 2nd period - Goal by Alexander Wennberg - Sasquatch : 1 - Saguenéens : 3.
5:47 of 2nd period - Alexander Wennberg wins face-off versus Devin Shore in neutral zone.
5:54 of 2nd period - Slapshot by Garnet Hathaway.
5:54 of 2nd period - Stopped by Joonas Korpisalo with a rebound.
5:56 of 2nd period - Slapshot by Kevin Marshall.
5:56 of 2nd period - Deflect By Jujhar Khaira.
5:56 of 2nd period - Stopped by Joonas Korpisalo with a rebound.
6:05 of 2nd period - Minor Penalty to Devin Shore for Holding Stick.
6:06 of 2nd period - Sergey Kalinin wins face-off versus Alexander Wennberg in Sasquatch zone.
6:44 of 2nd period - Patrick Wey is hit by Carl Hagelin and loses puck.
7:13 of 2nd period - Ian Cole is hit by Patrick Sieloff and loses puck.
8:05 of 2nd period - Penalty to Devin Shore is over, Devin Shore is back on ice.
8:21 of 2nd period - Craig Cunningham is hit by Brett Kulak and loses puck.
9:32 of 2nd period - Ian Cole is hit by Rhett Rakhshani and loses puck.
9:49 of 2nd period - Slapshot by Patrick Wey.
9:49 of 2nd period - Goal by Patrick Wey - Sasquatch : 2 - Saguenéens : 3.
9:50 of 2nd period - Alexander Wennberg wins face-off versus Sergey Kalinin in neutral zone.
10:11 of 2nd period - Minor Penalty to Brett Pesce for Roughing.
10:12 of 2nd period - Alexander Wennberg wins face-off versus Sergey Kalinin in Sasquatch zone.
10:27 of 2nd period - Snap shot by Jujhar Khaira.
10:27 of 2nd period - Stopped by Joe Cannata without a rebound.
10:28 of 2nd period - Alexander Wennberg wins face-off versus Sergey Kalinin in Saguenéens zone.
10:28 of 2nd period - Alexander Wennberg is hit by Jujhar Khaira.
11:05 of 2nd period - Wrist shot by Mason Raymond.
11:05 of 2nd period - Shot Blocked by Patrick Wey.
11:07 of 2nd period - Slapshot by Mason Raymond.
11:07 of 2nd period - Stopped by Joonas Korpisalo without a rebound.
11:08 of 2nd period - Sergey Kalinin wins face-off versus Aleksander Barkov in Sasquatch zone.
11:21 of 2nd period - Wrist shot by Mark Stone.
11:21 of 2nd period - Shot Blocked by Brett Kulak.
11:23 of 2nd period - Slapshot by Aleksander Barkov.
11:23 of 2nd period - Shot Misses the Net.
11:39 of 2nd period - Alexander Wennberg is hit by Sergey Kalinin and loses puck.
12:11 of 2nd period - Penalty to Brett Pesce is over, Brett Pesce is back on ice.
12:19 of 2nd period - Sergey Kalinin is hit by Seth Helgeson and loses puck.
12:41 of 2nd period - Icing by T.J. Tynan.
12:42 of 2nd period - T.J. Tynan wins face-off versus Henrik Samuelsson in Sasquatch zone.
13:15 of 2nd period - Snap shot by Teemu Hartikainen.
13:15 of 2nd period - Stopped by Joe Cannata without a rebound.
13:16 of 2nd period - Quinton Howden wins face-off versus Aleksander Barkov in Saguenéens zone.
13:27 of 2nd period - Slapshot by Seth Helgeson.
13:27 of 2nd period - Stopped by Joonas Korpisalo with a rebound.
13:44 of 2nd period - Patrick Wey is hit by Seth Helgeson and loses puck.
14:13 of 2nd period - Snap shot by Devin Shore.
14:13 of 2nd period - Shot Misses the Net.
14:15 of 2nd period - Slapshot by Martin Marincin.
14:15 of 2nd period - Stopped by Joe Cannata without a rebound.
14:16 of 2nd period - Devin Shore wins face-off versus Aleksander Barkov in Saguenéens zone.
14:41 of 2nd period - Sergey Kalinin is hit by Garnet Hathaway and loses puck.
14:50 of 2nd period - Backhand shot by Alexander Wennberg.
14:50 of 2nd period - Stopped by Joonas Korpisalo with a rebound.
15:06 of 2nd period - Brett Kulak is hit by Rhett Rakhshani and loses puck.
15:29 of 2nd period - Slapshot by Teemu Pulkkinen.
15:29 of 2nd period - Goal by Teemu Pulkkinen - Sasquatch : 2 - Saguenéens : 4.
15:30 of 2nd period - Alexander Wennberg wins face-off versus Devin Shore in neutral zone.
15:52 of 2nd period - Icing by Matt Halischuk.
15:53 of 2nd period - Carl Hagelin wins face-off versus Devin Shore in Sasquatch zone.
16:00 of 2nd period - Nick Mattson is hit by Devin Shore and loses puck.
16:10 of 2nd period - Icing by Matt Halischuk.
16:11 of 2nd period - Alexander Wennberg wins face-off versus Devin Shore in Sasquatch zone.
16:24 of 2nd period - Snap shot by Garnet Hathaway.
16:24 of 2nd period - Stopped by Joonas Korpisalo with a rebound.
16:30 of 2nd period - Mason Raymond is hit by Jujhar Khaira and loses puck.
17:10 of 2nd period - Wrist shot by Devin Shore.
17:10 of 2nd period - Shot Misses the Net.
17:12 of 2nd period - Wrist shot by Ian Cole.
17:12 of 2nd period - Deflect By Jujhar Khaira.
17:12 of 2nd period - Shot Misses the Net.
17:12 of 2nd period - Puck is out of play.
17:13 of 2nd period - Aleksander Barkov wins face-off versus Sergey Kalinin in Saguenéens zone.
17:38 of 2nd period - Rhett Rakhshani is hit by Martin Marincin and loses puck.
17:59 of 2nd period - Wrist shot by T.J. Tynan.
17:59 of 2nd period - Stopped by Joe Cannata with a rebound.
18:01 of 2nd period - Slapshot by Dmitri Orlov.
18:01 of 2nd period - Stopped by Joe Cannata without a rebound.
18:02 of 2nd period - Henrik Samuelsson wins face-off versus Sergey Kalinin in Saguenéens zone.
18:04 of 2nd period - Minor Penalty to Adam Erne for Tripping.
18:05 of 2nd period - Henrik Samuelsson wins face-off versus Devin Shore in Saguenéens zone.
18:21 of 2nd period - Mason Raymond is hit by Matt Halischuk and loses puck.
18:32 of 2nd period - Mason Raymond is hit by Jujhar Khaira and loses puck.
18:37 of 2nd period - Backhand shot by Petr Straka.
18:37 of 2nd period - Shot Hit the Post.
Goals for this period are 1 for Sasquatch vs 3 for Saguenéens.
Shots for this period are 9 for Sasquatch vs 11 for Saguenéens.
3rd period
0:01 of 3rd period - Devin Shore wins face-off versus Henrik Samuelsson in neutral zone.
0:04 of 3rd period - Penalty to Adam Erne is over, Adam Erne is back on ice.
0:26 of 3rd period - Patrick Wey is hit by Mark Stone and loses puck.
0:49 of 3rd period - Martin Marincin is hit by Carl Hagelin.
0:59 of 3rd period - Snap shot by Aleksander Barkov.
0:59 of 3rd period - Stopped by Joonas Korpisalo with a rebound.
1:01 of 3rd period - Wrist shot by Kevin Marshall.
1:01 of 3rd period - Stopped by Joonas Korpisalo with a rebound.
1:03 of 3rd period - Wrist shot by Mark Stone.
1:03 of 3rd period - Shot Blocked by Brett Pesce.
1:05 of 3rd period - Snap shot by Carl Hagelin.
1:05 of 3rd period - Stopped by Joonas Korpisalo with a rebound.
1:07 of 3rd period - Slapshot by Mark Stone.
1:07 of 3rd period - Goal by Mark Stone - Sasquatch : 2 - Saguenéens : 5.
1:08 of 3rd period - Sergey Kalinin wins face-off versus Alexander Wennberg in neutral zone.
1:18 of 3rd period - Minor Penalty to Patrick Wey for Hooking.
1:19 of 3rd period - Sergey Kalinin wins face-off versus Alexander Wennberg in Sasquatch zone.
1:19 of 3rd period - Sergey Kalinin is hit by Mason Raymond.
1:27 of 3rd period - Wrist shot by Alexander Wennberg.
1:27 of 3rd period - Goal by Alexander Wennberg - Sasquatch : 2 - Saguenéens : 6.
1:27 of 3rd period - Corey Crawford enters game.
1:28 of 3rd period - Alexander Wennberg wins face-off versus Sergey Kalinin in neutral zone.
1:37 of 3rd period - Snap shot by Petr Straka.
1:37 of 3rd period - Deflect By Mason Raymond.
1:37 of 3rd period - Shot Misses the Net.
1:37 of 3rd period - Puck is out of play.
1:38 of 3rd period - Sergey Kalinin wins face-off versus Alexander Wennberg in Saguenéens zone.
1:59 of 3rd period - Garnet Hathaway is hit by Patrick Wey and loses puck.
2:32 of 3rd period - Minor Penalty to Garnet Hathaway for High sticking.
2:33 of 3rd period - Henrik Samuelsson wins face-off versus Devin Shore in Saguenéens zone.
3:03 of 3rd period - Duncan Siemens is hit by Jujhar Khaira and loses puck.
4:32 of 3rd period - Penalty to Garnet Hathaway is over, Garnet Hathaway is back on ice.
4:53 of 3rd period - Wrist shot by Garnet Hathaway.
4:53 of 3rd period - Stopped by Corey Crawford with a rebound.
5:03 of 3rd period - Snap shot by Teemu Pulkkinen.
5:03 of 3rd period - Stopped by Corey Crawford without a rebound.
5:04 of 3rd period - Aleksander Barkov wins face-off versus T.J. Tynan in Sasquatch zone.
5:13 of 3rd period - Wrist shot by Aleksander Barkov.
5:13 of 3rd period - Deflect By Mark Stone.
5:13 of 3rd period - Shot Misses the Net.
5:13 of 3rd period - Puck is out of play.
5:14 of 3rd period - T.J. Tynan wins face-off versus Aleksander Barkov in Sasquatch zone.
5:21 of 3rd period - Wrist shot by Aleksander Barkov.
5:21 of 3rd period - Stopped by Corey Crawford without a rebound.
5:22 of 3rd period - Alexander Wennberg wins face-off versus Devin Shore in Sasquatch zone.
5:35 of 3rd period - Wrist shot by Alexander Wennberg.
5:35 of 3rd period - Stopped by Corey Crawford with a rebound.
5:37 of 3rd period - Snap shot by Garnet Hathaway.
5:37 of 3rd period - Stopped by Corey Crawford with a rebound.
5:47 of 3rd period - Mark Stone is hit by Petr Straka and loses puck.
6:07 of 3rd period - Minor Penalty to Mark Stone for Roughing.
6:08 of 3rd period - Henrik Samuelsson wins face-off versus Devin Shore in Saguenéens zone.
6:33 of 3rd period - Robert Hagg is hit by Jujhar Khaira and loses puck.
8:07 of 3rd period - Penalty to Mark Stone is over, Mark Stone is back on ice.
8:35 of 3rd period - Mason Raymond is hit by Martin Marincin and loses puck.
8:46 of 3rd period - Dmitri Orlov is hit by Rhett Rakhshani and loses puck.
8:59 of 3rd period - Brett Kulak is hit by Henrik Samuelsson and loses puck.
10:06 of 3rd period - Ian Cole is hit by Duncan Siemens.
10:21 of 3rd period - Robert Hagg is hit by Brock Trotter and loses puck.
10:30 of 3rd period - Wrist shot by Brock Trotter.
10:30 of 3rd period - Shot Misses the Net.
11:02 of 3rd period - Snap shot by Rhett Rakhshani.
11:02 of 3rd period - Stopped by Corey Crawford with a rebound.
12:04 of 3rd period - Slapshot by Craig Cunningham.
12:04 of 3rd period - Goal by Craig Cunningham - Sasquatch : 2 - Saguenéens : 7.
12:05 of 3rd period - Devin Shore wins face-off versus Garnet Hathaway in neutral zone.
12:30 of 3rd period - Patrick Sieloff is hit by Ryan Dzingel and loses puck.
12:37 of 3rd period - Snap shot by Petr Straka.
12:37 of 3rd period - Deflect By Ryan Dzingel.
12:37 of 3rd period - Shot Misses the Net.
12:37 of 3rd period - Puck is out of play.
12:38 of 3rd period - Devin Shore wins face-off versus Aleksander Barkov in Saguenéens zone.
12:39 of 3rd period - Wrist shot by Matt Halischuk.
12:39 of 3rd period - Shot Misses the Net.
13:03 of 3rd period - Snap shot by Devin Shore.
13:03 of 3rd period - Stopped by Joe Cannata without a rebound.
13:04 of 3rd period - Sergey Kalinin wins face-off versus Alexander Wennberg in Saguenéens zone.
13:29 of 3rd period - Ryan Dzingel is hit by Nick Mattson and loses puck.
13:48 of 3rd period - Slapshot by Petr Straka.
13:48 of 3rd period - Shot Misses the Net.
13:50 of 3rd period - Slapshot by Martin Marincin.
13:50 of 3rd period - Shot Misses the Net.
13:52 of 3rd period - Wrist shot by Petr Straka.
13:52 of 3rd period - Deflect By Sergey Kalinin.
13:52 of 3rd period - Shot Misses the Net.
13:52 of 3rd period - Puck is out of play.
13:53 of 3rd period - Devin Shore wins face-off versus Alexander Wennberg in Saguenéens zone.
13:59 of 3rd period - Off-side.
14:00 of 3rd period - Devin Shore wins face-off versus Alexander Wennberg in neutral zone.
14:12 of 3rd period - Off-side.
14:13 of 3rd period - Devin Shore wins face-off versus Alexander Wennberg in neutral zone.
14:42 of 3rd period - Icing by Kevin Marshall.
14:43 of 3rd period - Sergey Kalinin wins face-off versus Aleksander Barkov in Saguenéens zone.
14:44 of 3rd period - Snap shot by Petr Straka.
14:44 of 3rd period - Stopped by Joe Cannata with a rebound.
14:46 of 3rd period - Slapshot by Martin Marincin.
14:46 of 3rd period - Stopped by Joe Cannata without a rebound.
14:47 of 3rd period - Devin Shore wins face-off versus Alexander Wennberg in Saguenéens zone.
15:18 of 3rd period - Wrist shot by Petr Straka.
15:18 of 3rd period - Shot Misses the Net.
15:20 of 3rd period - Snap shot by Petr Straka.
15:20 of 3rd period - Shot Blocked by Aleksander Barkov.
15:22 of 3rd period - Backhand shot by Petr Straka.
15:22 of 3rd period - Stopped by Joe Cannata without a rebound.
15:23 of 3rd period - Aleksander Barkov wins face-off versus Ryan Dzingel in Saguenéens zone.
15:32 of 3rd period - Slapshot by Aleksander Barkov.
15:32 of 3rd period - Shot Blocked by Ian Cole.
15:34 of 3rd period - Slapshot by Seth Helgeson.
15:34 of 3rd period - Shot Misses the Net.
15:36 of 3rd period - Snap shot by Seth Helgeson.
15:36 of 3rd period - Stopped by Corey Crawford without a rebound.
15:37 of 3rd period - Mason Raymond wins face-off versus Devin Shore in Sasquatch zone.
15:42 of 3rd period - Wrist shot by Garnet Hathaway.
15:42 of 3rd period - Stopped by Corey Crawford without a rebound.
15:43 of 3rd period - Devin Shore wins face-off versus Alexander Wennberg in Sasquatch zone.
16:26 of 3rd period - Minor Penalty to Seth Helgeson for Delaying the game.
16:27 of 3rd period - Henrik Samuelsson wins face-off versus T.J. Tynan in Saguenéens zone.
16:38 of 3rd period - Off-side.
16:39 of 3rd period - Henrik Samuelsson wins face-off versus Devin Shore in neutral zone.
16:42 of 3rd period - Ryan Dzingel is hit by Henrik Samuelsson and loses puck.
16:49 of 3rd period - Slapshot by Ian Cole.
16:49 of 3rd period - Stopped by Joe Cannata with a rebound.
16:51 of 3rd period - Slapshot by Devin Shore.
16:51 of 3rd period - Shot Misses the Net.
16:53 of 3rd period - Slapshot by Patrick Wey.
16:53 of 3rd period - Stopped by Joe Cannata with a rebound.
16:55 of 3rd period - Slapshot by Ian Cole.
16:55 of 3rd period - Stopped by Joe Cannata with a rebound.
18:26 of 3rd period - Penalty to Seth Helgeson is over, Seth Helgeson is back on ice.
18:29 of 3rd period - Wrist shot by Teemu Hartikainen.
18:29 of 3rd period - Stopped by Joe Cannata with a rebound.
18:31 of 3rd period - Slapshot by Teemu Hartikainen.
18:31 of 3rd period - Shot Misses the Net.
18:34 of 3rd period - Icing by Seth Helgeson.
18:35 of 3rd period - Mason Raymond wins face-off versus Quinton Howden in Saguenéens zone.
18:46 of 3rd period - Snap shot by Quinton Howden.
18:46 of 3rd period - Stopped by Joe Cannata without a rebound.
18:47 of 3rd period - Sergey Kalinin wins face-off versus Aleksander Barkov in Saguenéens zone.
19:20 of 3rd period - Brett Pesce is hit by Kevin Marshall and loses puck.
19:31 of 3rd period - Wrist shot by Matt Halischuk.
19:31 of 3rd period - Shot Blocked by Seth Helgeson.
19:33 of 3rd period - Wrist shot by Matt Halischuk.
19:33 of 3rd period - Shot Blocked by Seth Helgeson.
19:35 of 3rd period - Snap shot by Jujhar Khaira.
19:35 of 3rd period - Shot Misses the Net.
19:37 of 3rd period - Slapshot by Jujhar Khaira.
19:37 of 3rd period - Stopped by Joe Cannata with a rebound.
19:39 of 3rd period - Slapshot by Brett Kulak.
19:39 of 3rd period - Deflect By Seth Helgeson.
19:39 of 3rd period - Stopped by Joe Cannata with a rebound.
19:59 of 3rd period - Wrist shot by Henrik Samuelsson.
19:59 of 3rd period - Goal by Henrik Samuelsson - Sasquatch : 2 - Saguenéens : 8.
Goals for this period are 0 for Sasquatch vs 4 for Saguenéens.
Shots for this period are 11 for Sasquatch vs 15 for Saguenéens.
Back to the Top